Map: Acid Plant LE

Players

Kozzy

  • Race: Protoss Protoss
  • League: Gold
  • Spawn Location: 11:00

ACTARUS - Winner!

  • Race: Terran Terran
  • League: Platinum
  • Spawn Location: 5:00

VOD

Have the link to the VOD?

Description

Time

  • Played on: April 4, 2018, 4:45 a.m.
  • Length: 9:47
Show
View Real Time Build Order
Export as new Build Order

Kozzy Protoss 

Build Orders:  

Get SALT Encoding   

  12  0:01  Probe  
  13  0:13  Probe  
  14  0:22  Pylon  
  14  0:25  Probe  
  15  0:40  Probe  
  16  0:43  Gateway  
  16  0:46  Assimilator  
  16  0:52  Probe (Chrono Boost)  
  17  0:59  Assimilator  
  17  1:02  Probe (Chrono Boost)  
  18  1:07  Probe (Chrono Boost)  
  19  1:20  Pylon  
  19  1:34  Cybernetics Core, Zealot (Chrono Boost)  
  19  1:35  Pylon  
  21  1:50  Gateway  
  21  2:10  Stalker (Chrono Boost)  
  23  2:16  Warp Gate  
  23  2:23  Shield Battery  
  23  2:32  Probe  
  24  2:44  Stalker  
  24  2:50  Pylon  
  26  2:55  Stalker  
  28  3:10  Forge  
  28  3:30  Stalker  
  30  3:38  Protoss Ground Weapons Level 1 (Chrono Boost)  
  30  3:43  Gateway  
  30  4:47  Stalker x3  
  36  4:58  Pylon  
  36  5:07  Pylon  
  36  5:10  Pylon  
  36  5:28  Gateway  
  36  5:42  Stalker x3  
  36  5:54  Gateway  
  36  6:17  Stalker x3  
  40  6:44  Stalker x2  
  40  6:45  Stalker x2  
  44  7:06  Stalker  
  42  7:09  Stalker x2  
  42  7:10  Stalker x2  
  42  7:35  Stalker  
  42  7:36  Stalker  
  46  7:37  Stalker  
  46  7:43  Probe  
  39  8:14  Nexus  
  39  8:22  Shield Battery  
  39  8:40  Photon Cannon  
  39  8:50  Twilight Council  
  35  9:11  Stalker x2  
  35  9:15  Stalker  
  41  9:27  Shield Battery  
  41  9:30  Probe x2  
Show
View Real Time Build Order
Export as new Build Order

ACTARUS Terran - Winner!

Build Orders: MMM Bio 

Get SALT Encoding   

  12  0:01  SCV  
  13  0:13  SCV  
  14  0:17  Supply Depot  
  14  0:25  SCV  
  15  0:28  Refinery  
  15  0:39  SCV  
  16  0:46  Barracks  
  16  0:51  SCV  
  17  1:03  SCV  
  18  1:15  SCV  
  19  1:32  Orbital Command  
  19  1:34  Barracks Reactor  
  19  1:50  Command Center  
  19  2:03  Supply Depot, SCV  
  20  2:16  SCV  
  20  2:17  Barracks  
  20  2:18  Marine  
  22  2:28  SCV  
  23  2:31  Factory  
  22  2:37  Marine  
  22  2:40  SCV  
  24  2:50  Supply Depot  
  24  2:52  SCV  
  24  2:57  Marine, Refinery  
  26  3:05  SCV  
  27  3:06  Orbital Command  
  27  3:17  Bunker  
  27  3:18  Barracks Tech Lab  
  27  3:20  SCV  
  28  3:29  Marine  
  28  3:32  SCV  
  30  3:36  SCV  
  30  3:38  Marine  
  32  3:44  SCV, Engineering Bay  
  32  3:45  Marine  
  34  3:52  SCV  
  35  3:56  SCV  
  35  3:57  Cyclone  
  39  4:04  SCV  
  39  4:09  SCV  
  41  4:16  SCV  
  42  4:18  Marine  
  42  4:19  Marine, Marauder  
  42  4:21  SCV  
  47  4:29  Starport  
  47  4:35  Missile Turret  
  47  4:37  SCV  
  48  4:40  Marine x2  
  48  4:42  SCV  
  51  4:45  Missile Turret  
  51  4:49  SCV, Factory Tech Lab  
  51  4:51  Marine  
  53  4:54  SCV  
  54  5:01  Supply Depot  
  54  5:04  Supply Depot  
  54  5:10  Sensor Tower  
  54  5:14  Starport Reactor  
  54  5:17  Terran Infantry Weapons Level 1  
  54  5:20  Stimpack  
  54  5:22  Marine x3  
  54  5:23  SCV x2  
  54  5:26  Supply Depot  
  59  5:31  Supply Depot  
  59  5:35  SCV x2  
  61  5:40  Marine  
  59  5:47  Siege Tank, SCV  
  63  5:52  SCV  
  64  5:58  Supply Depot  
  64  5:59  Supply Depot, SCV  
  64  6:02  Marine x2  
  64  6:03  Marauder  
  68  6:16  SCV  
  68  6:18  Medivac x2  
  71  6:19  Siege Tank  
  71  6:20  Marine  
  71  6:24  Marauder  
  79  6:25  SCV  
  79  6:26  Supply Depot  
  79  6:46  Marine x2, Marauder  
  81  6:52  Barracks  
  82  6:54  Barracks x2, SCV  
  82  6:55  Supply Depot  
  82  7:00  Refinery  
  81  7:03  Refinery  
  81  7:06  Marine x2  
  81  7:07  Marauder  
  82  7:14  SCV  
  80  7:27  Siege Tank  
  80  7:28  Medivac, Marauder  
  80  7:29  SCV x2  
  89  7:41  Barracks Tech Lab, SCV  
  89  7:42  Concussive Shells  
  89  7:43  SCV  
  91  7:46  Terran Infantry Armor Level 1  
  91  7:50  Marauder  
  93  7:53  SCV  
  91  7:59  Barracks Tech Lab x2, Siege Tank  
  91  8:05  SCV  
  95  8:11  SCV  
  96  8:13  Marine x2  
  96  8:14  Marauder x2  
  96  8:15  Medivac  
  104  8:20  Combat Shields  
  104  8:22  Command Center  
  104  8:27  Supply Depot  
  104  8:28  Supply Depot x2  
  104  8:29  Armory  
  104  8:31  Marine x2  
  104  8:32  Marine  
  104  8:33  Marauder  
  109  8:35  Marine, Marauder  
  112  8:49  Marine x2  
  112  8:50  Marine  
  115  8:59  Reaper  
  116  9:06  Marine, Marauder  
  116  9:07  Marine x2  
  116  9:08  Marauder  
  123  9:12  SCV, Refinery  
  123  9:14  Refinery  
  128  9:24  Marine x2, Marauder  
  135  9:34  Engineering Bay  
  135  9:40  Supply Depot  
Tags
 
Composition
MMM Bio
Matchup
PvT
Spawn Locations
Cross Positions
Add a new tag
Caveats
  • Supply blocks, unpowered buildings, or Contaminate may cause inaccurate times.
  • Supply counts are checked every 10 seconds.